[Event "Titled Tuesday Blitz January 10 Late 2023"]
[White "Lacasa Diaz, Jose Antonio"]
[Black "Fernandez Garcia, Gumersindo"]
[WhiteFideId "2203375"]
[BlackFideId "24516740"]
[WhiteElo "2359"]
[BlackElo "2160"]
[Result "1/2-1/2"]
[Round "09"]
[TimeControl "180+2"]
[Date "2023.01.10"]
[WhiteClock "0:00:21"]
[BlackClock "0:00:20"]

1. e4 Nf6 2. e5 Nd5 3. d4 d6 4. Nf3 Nb6 5. Be2 g6 6. h3 Bg7 7. exd6 cxd6 8. c4 O-O 9. O-O Nc6 10. Nc3 Bf5 11. d5 Ne5 12. Nd4 Nexc4 13. Nxf5 gxf5 14. a4 a5 15. Qc2 Qc8 16. Rd1 e6 17. dxe6 fxe6 18. Bf4 d5 19. Rac1 Qe8 20. b3 Ne5 21. Nb5 Nc6 22. Nc7 Qg6 23. Nxa8 Rxa8 24. Qc5 Nd7 25. Qd6 Rd8 26. Qc7 Nde5 27. Bb5 Rf8 28. Qxb7 Nf3+ 29. Kh1 Nh4 30. Bg3 Nd8 31. Qe7 Nxg2 32. Kxg2 f4 33. Rc7 fxg3 34. fxg3 Qe4+ 35. Kg1 Qe3+ 36. Kh1 Qf3+ 37. Kh2 Nf7 38. Rg1 Be5 39. Rg2 Bxc7 40. Qxc7 e5 41. Bd7 e4 42. Be6 e3 43. Qd6 e2 44. Bxf7+ Rxf7 45. Qd8+ Rf8 46. Qg5+ Kh8 47. Qe5+ Rf6 48. Qxe2 Qxe2 49. Rxe2 Rf3 50. Rd2 Rxb3 51. Rxd5 Rb2+ 52. Kg1 Ra2 53. Rxa5 Kg7 54. h4 Kg6 55. h5+ Kh6 56. g4 Kg7 57. g5 h6 58. Ra7+ Kh8 59. gxh6 Rb2 60. a5 Ra2 61. Kf1 Kg8 62. a6 Kh8 63. h7 Rf2+ 64. Ke1 Re2+ 65. Kd1 Rd2+ 66. Kc1 Rc2+ 67. Kb1 Rb2+ 68. Ka1 Ra2+ 69. Kb1 Rb2+ 70. Kc1 Rc2+ 71. Kd1 Rd2+ 72. Ke1 Re2+ 73. Kf1 Rf2+ 74. Kg1 Rg2+ 75. Kxg2 1/2-1/2


[Site "https://www.chess.com"]

[Event "Titled Tuesday Blitz January 10 Late 2023"]
[White "Khandelwal, Ankush"]
[Black "Itkis, Boris"]
[WhiteFideId "413470"]
[BlackFideId "1209167"]
[WhiteElo "2205"]
[BlackElo "2329"]
[Result "0-1"]
[Round "09"]
[TimeControl "180+2"]
[Date "2023.01.10"]
[WhiteClock "0:00:01"]
[BlackClock "0:01:13"]

1. e4 e5 2. Nf3 Nc6 3. d4 exd4 4. Nxd4 Nf6 5. Nxc6 bxc6 6. e5 Qe7 7. Qe2 Nd5 8. g3 g6 9. c4 Nb6 10. b3 Bg7 11. Bb2 a5 12. Bg2 a4 13. O-O O-O 14. Nd2 d5 15. Rfe1 Be6 16. f4 dxc4 17. bxc4 Qc5+ 18. Kh1 Nxc4 19. Rac1 a3 20. Ba1 Ra4 21. Rc2 Qb5 22. Ne4 Nb2 23. Qf2 Nd3 24. Qf1 Nxe1 25. Qxe1 Rb4 26. Rc1 Bd5 27. Bc3 Rc4 28. Nf6+ Bxf6 29. exf6 Bxg2+ 30. Kxg2 Qd5+ 31. Kg1 Qc5+ 32. Kg2 Rxc3 33. Rxc3 Qd5+ 34. Kg1 Qxa2 35. Rd3 Qb2 36. Qe7 Qb1+ 37. Kg2 Qxd3 0-1


[Site "https://www.chess.com"]

[Event "Titled Tuesday Blitz January 10 Late 2023"]
[White "Skurikhin, Dmitrij"]
[Black "Wu, Brandon"]
[WhiteFideId "4161297"]
[BlackFideId "30909228"]
[WhiteElo "2297"]
[BlackElo "2123"]
[Result "1/2-1/2"]
[Round "09"]
[TimeControl "180+2"]
[Date "2023.01.10"]
[WhiteClock "0:00:48"]
[BlackClock "0:01:38"]

1. d4 Nf6 2. c4 g6 3. Nc3 d5 4. cxd5 Nxd5 5. e4 Nxc3 6. bxc3 Bg7 7. Nf3 c5 8. Rb1 O-O 9. Be2 cxd4 10. cxd4 Qa5+ 11. Bd2 Qxa2 12. O-O b6 13. Qc1 Qe6 14. Bc4 Qxe4 15. Re1 Qb7 16. Bb4 Re8 17. Ng5 e6 18. d5 Na6 19. dxe6 Bxe6 20. Nxe6 fxe6 21. Rxe6 Kh8 22. Bc3 Nc5 23. Rxg6 Re1+ 24. Qxe1 hxg6 25. Qe3 Bxc3 26. Qxc3+ Qg7 27. Qh3+ Qh7 28. Qc3+ Qg7 29. Qh3+ Qh7 30. Qc3+ Qg7 1/2-1/2


[Site "https://www.chess.com"]

[Event "Titled Tuesday Blitz January 10 Late 2023"]
[White "Bambino Filho, Antonio Carlos"]
[Black "Osmonbekov, Talaibek"]
[WhiteFideId "2113163"]
[BlackFideId "2017253"]
[WhiteElo "2144"]
[BlackElo "2137"]
[Result "1-0"]
[Round "09"]
[TimeControl "180+2"]
[Date "2023.01.10"]
[WhiteClock "0:00:15"]
[BlackClock "0:00:04"]

1. d4 e6 2. Nf3 f5 3. g3 Nf6 4. Bg2 Be7 5. O-O O-O 6. c4 d6 7. b3 a5 8. Nc3 Qe8 9. Bb2 Qh5 10. Qd3 Nc6 11. a3 e5 12. e4 exd4 13. Nxd4 Ng4 14. h3 Nge5 15. Qd1 Qxd1 16. Raxd1 Nxd4 17. Rxd4 f4 18. gxf4 Rxf4 19. Nd5 Rf7 20. Nxc7 Rb8 21. Nb5 Nf3+ 22. Bxf3 Rxf3 23. Kg2 Rxb3 24. Bc3 Be6 25. Rc1 Bf6 26. Rxd6 Bxc4 27. Bxf6 Bxb5 28. Be5 Re8 29. f4 Bc6 30. Rcxc6 bxc6 31. Rd7 Kf8 32. Bxg7+ Kg8 33. Be5 Rxa3 34. Rg7+ Kf8 35. Rxh7 Re3 36. Ra7 Rxe4 37. Rxa5 Rd8 38. Kf3 Rc4 39. Kg4 Kf7 40. Kf5 Rc2 41. Ra7+ Kf8 42. h4 Rh2 43. Bf6 Rd5+ 44. Kg6 1-0


[Site "https://www.chess.com"]

[Event "Titled Tuesday Blitz January 10 Late 2023"]
[White "Tyagi, Kushan"]
[Black "Tan, Zhongyi"]
[WhiteFideId "2040069"]
[BlackFideId "8603642"]
[WhiteElo "2060"]
[BlackElo "2517"]
[Result "1-0"]
[Round "09"]
[TimeControl "180+2"]
[Date "2023.01.10"]
[WhiteClock "0:00:02"]
[BlackClock "0:00:04"]

1. d4 Nf6 2. c4 e6 3. g3 c5 4. d5 exd5 5. cxd5 g6 6. Nc3 Bg7 7. Nf3 O-O 8. Bg2 d6 9. O-O Re8 10. Nd2 a6 11. a4 Nbd7 12. Nc4 Ne5 13. Na3 h6 14. h3 g5 15. e4 Bd7 16. Bd2 Rc8 17. Qc2 c4 18. a5 b5 19. axb6 Qxb6 20. Be3 Qb4 21. Nab1 Nd3 22. Rxa6 Qxb2 23. Qxb2 Nxb2 24. Rxd6 Nd3 25. f4 gxf4 26. gxf4 Re7 27. e5 Ne8 28. Ra6 Bf5 29. d6 Rd7 30. Bc6 Rdd8 31. Kg2 Nb4 32. d7 Bxd7 33. Bxd7 Rxd7 34. Rb6 Nc2 35. Bf2 Rd3 36. Rd1 Rcd8 37. Rxd3 cxd3 38. Nd2 Nc7 39. Rd6 Rxd6 40. exd6 Ne6 41. Nd5 Kf8 42. Kf3 Ke8 43. Ke4 Kd7 44. Kxd3 Na3 45. Ke4 Nb5 46. Nb6+ Kxd6 47. Ndc4+ Kc6 48. Nd5 Nd6+ 49. Nxd6 Kxd6 50. Ne3 Nc5+ 51. Kf3 Ke7 52. Nf5+ Kf6 53. Nxg7 Nd3 54. Bd4+ Kg6 55. Ne8 f5 56. Nd6 Ne1+ 57. Kg3 Nd3 58. Be5 h5 59. h4 Nb4 60. Nc4 Nd5 61. Kf3 Ne7 62. Ne3 Kf7 63. Bd6 Nc8 64. Bc5 Ke6 65. Ke2 Kf6 66. Kd3 Ke6 67. Kd4 Kf6 68. Kd5 Kf7 69. Ke5 Kg6 70. Nxf5 1-0


[Site "https://www.chess.com"]

[Event "Titled Tuesday Blitz January 10 Late 2023"]
[White "Barria Zuniga, Daniel"]
[Black "Gasparyan, David"]
[WhiteFideId "3400816"]
[BlackFideId "13311980"]
[WhiteElo "2341"]
[BlackElo "2142"]
[Result "0-1"]
[Round "09"]
[TimeControl "180+2"]
[Date "2023.01.10"]
[WhiteClock "0:00:08"]
[BlackClock "0:00:09"]

1. d4 d6 2. Nf3 Bg4 3. c4 Nd7 4. Nc3 e5 5. e3 Ngf6 6. Be2 Be7 7. h3 Bh5 8. g4 Bg6 9. Nh4 c6 10. O-O Qc7 11. f4 Ne4 12. Nxg6 Nxc3 13. bxc3 hxg6 14. Kg2 exf4 15. exf4 O-O-O 16. a4 d5 17. g5 f6 18. a5 fxg5 19. fxg5 dxc4 20. Bxc4 Bd6 21. Qg4 Kb8 22. Rf7 Rhf8 23. Be3 Rxf7 24. Bxf7 c5 25. Bxg6 cxd4 26. Bxd4 Ne5 27. Qe4 Nxg6 28. Qxg6 Qc6+ 29. Kf1 Qh1+ 30. Ke2 Qxa1 31. Qxg7 Qa2+ 32. Kf3 Qd5+ 33. Kg4 Qe4+ 34. Kh5 Bg3 35. Qf7 Qe2+ 36. Kg6 Qe4+ 37. Kg7 Be5+ 38. Bxe5+ Qxe5+ 39. Qf6 Rd7+ 40. Kg6 Qe8+ 41. Kf5 Rf7 42. h4 Rxf6+ 43. gxf6 Qh5+ 44. Ke6 Qxh4 45. f7 Qe4+ 46. Kd7 Qf5+ 47. Ke7 Qe5+ 48. Kd7 Qf6 49. Ke8 Qe6+ 50. Kf8 Kc7 51. Kg7 Qg4+ 52. Kf8 b6 53. a6 b5 54. Ke7 Qe4+ 55. Kf6 Qf4+ 56. Ke7 Qe5+ 57. Kf8 Kd7 58. Kg8 Qg5+ 59. Kf8 Qh6+ 60. Kg8 Ke7 61. f8=Q+ Qxf8+ 62. Kh7 Qf1 63. c4 Qg2 64. cxb5 Kf7 65. b6 Qg7# 0-1


[Site "https://www.chess.com"]

[Event "Titled Tuesday Blitz January 10 Late 2023"]
[White "Andrews, Todd"]
[Black "Leiva, Gianmarco"]
[WhiteFideId "2012456"]
[BlackFideId "3804399"]
[WhiteElo "2220"]
[BlackElo "2392"]
[Result "0-1"]
[Round "09"]
[TimeControl "180+2"]
[Date "2023.01.10"]
[WhiteClock "0:01:02"]
[BlackClock "0:00:22"]

1. e4 c5 2. Nf3 d6 3. d4 cxd4 4. Nxd4 Nf6 5. Nc3 a6 6. Bc4 e6 7. Bb3 Be7 8. Qe2 O-O 9. g4 Nc6 10. Be3 Nd7 11. O-O-O Qc7 12. g5 Nc5 13. h4 b5 14. Kb1 Rb8 15. h5 b4 16. Na4 Nxe4 17. g6 d5 18. h6 fxg6 19. hxg7 Rf7 20. Nxc6 Qxc6 21. Bd4 Bf6 22. Bxf6 Nxf6 23. Qe5 Rb5 24. Rh4 Bd7 25. Rdh1 a5 26. Rf4 d4 27. Qxd4 Qxh1+ 28. Qd1 Qxd1# 0-1


[Site "https://www.chess.com"]

[Event "Titled Tuesday Blitz January 10 Late 2023"]
[White "Jakubowski, Krzysztof"]
[Black "Yashmetov, Mikhail"]
[WhiteFideId "1112848"]
[BlackFideId "24198900"]
[WhiteElo "2486"]
[BlackElo "2323"]
[Result "1-0"]
[Round "09"]
[TimeControl "180+2"]
[Date "2023.01.10"]
[WhiteClock "0:00:18"]
[BlackClock "0:00:03"]

1. e4 c5 2. Nf3 Nc6 3. d4 cxd4 4. Nxd4 Nf6 5. Nc3 e5 6. Ndb5 d6 7. Bg5 a6 8. Na3 b5 9. Nd5 Be7 10. Bxf6 Bxf6 11. c3 O-O 12. Nc2 Bg5 13. a4 bxa4 14. Rxa4 a5 15. Bc4 Rb8 16. b3 Kh8 17. O-O f5 18. exf5 Bxf5 19. Nce3 Bg6 20. Ra2 e4 21. Qe2 Ne5 22. Rfa1 Nd3 23. Bxd3 exd3 24. Qd1 Bxe3 25. Nxe3 Qf6 26. c4 Qc3 27. Rb1 h6 28. Rbb2 Rb7 29. Nd5 Qd4 30. Rd2 Rbf7 31. h3 Be4 32. Ne3 Qe5 33. Qa1 Qg5 34. Rxa5 Qg6 35. Qd4 Rf3 36. Ra6 Rxe3 37. fxe3 Qf5 38. Qxd6 Qf1+ 39. Kh2 Rf2 40. Rxf2 Qxf2 41. Qg3 Qxg3+ 42. Kxg3 d2 43. Rd6 Bc2 44. Rxd2 Bxb3 45. c5 Ba4 46. Kf4 Bc6 47. Ke5 Kg8 48. Kd6 Be4 49. c6 Bf5 50. c7 Kf7 51. Rf2 1-0


[Site "https://www.chess.com"]

[Event "Titled Tuesday Blitz January 10 Late 2023"]
[White "Seletsky, Grigory"]
[Black "Rangel, Daniel"]
[WhiteFideId "14112191"]
[BlackFideId "2124475"]
[WhiteElo "2259"]
[BlackElo "2207"]
[Result "1/2-1/2"]
[Round "09"]
[TimeControl "180+2"]
[Date "2023.01.10"]
[WhiteClock "0:02:45"]
[BlackClock "0:02:42"]

1. e4 c5 2. Nf3 d6 3. c3 Nc6 4. h3 Nf6 5. d3 e6 6. Nbd2 Be7 7. Be2 O-O 8. O-O d5 9. Re1 c4 10. e5 cxd3 11. Bxd3 Nd7 1/2-1/2


[Site "https://www.chess.com"]

[Event "Titled Tuesday Blitz January 10 Late 2023"]
[White "Bozorov, Makhsum"]
[Black "Abdulla, Murad"]
[WhiteFideId "14201330"]
[BlackFideId "2403757"]
[WhiteElo "2145"]
[BlackElo "2307"]
[Result "1-0"]
[Round "09"]
[TimeControl "180+2"]
[Date "2023.01.10"]
[WhiteClock "0:00:07"]
[BlackClock "0:00:05"]

1. d4 Nf6 2. c4 g6 3. Nf3 Bg7 4. g3 O-O 5. Bg2 c6 6. O-O d5 7. cxd5 Nxd5 8. Nc3 Na6 9. e4 Nb6 10. h3 Nc7 11. a4 a5 12. Qe2 Be6 13. Rd1 Bb3 14. Re1 Ne6 15. Be3 Nc4 16. d5 cxd5 17. Nxd5 Nxb2 18. Qb5 Bc4 19. Qb6 Nd3 20. Qxd8 Rfxd8 21. Nxe7+ Kf8 22. Nd5 Nxe1 23. Rxe1 Bxd5 24. exd5 Rxd5 25. Nd2 Rd7 26. Nc4 Bd4 27. Bh6+ Ke7 28. Rb1 Rb8 29. Nb6 Bxb6 30. Rxb6 Rd6 31. Rb5 b6 32. h4 Rc8 33. Be3 Nd4 34. Re5+ Ne6 35. Rb5 Rcc6 36. Bxc6 Rxc6 37. Kg2 Rc4 38. Bxb6 Rxa4 39. Rxa5 Rxa5 40. Bxa5 f5 41. Bb6 h5 42. Kf3 Kd6 43. Be3 Ke5 44. Bd2 Nd4+ 45. Kg2 Ke4 46. Bc3 Nf3 47. Ba5 Ne5 48. Bb6 Nf3 49. Ba7 Nd2 50. Bb6 Kd3 51. Ba7 Ke2 52. Be3 Ne4 53. Ba7 Nf6 54. Bb6 Ng4 55. Ba7 Ne5 56. Bb6 Nf3 57. Ba7 Ne1+ 58. Kg1 Kf3 59. Kf1 Nd3 60. Kg1 f4 61. gxf4 Nxf4 62. Bb6 Kg4 63. Bc7 Nh3+ 64. Kg2 Kxh4 65. f3 Nf2 66. Kxf2 Kg5 67. Kg3 Kf5 68. Bd8 g5 69. Bc7 h4+ 70. Kh3 Kg6 71. Kg4 Kf6 72. Bd8+ Kg6 73. Bxg5 h3 74. Bf4 h2 75. Bxh2 1-0


[Site "https://www.chess.com"]

[Event "Titled Tuesday Blitz January 10 Late 2023"]
[White "Dudzinski, Pawel"]
[Black "Musovic, Armin"]
[WhiteFideId "1117890"]
[BlackFideId "939935"]
[WhiteElo "2186"]
[BlackElo "2261"]
[Result "1-0"]
[Round "09"]
[TimeControl "180+2"]
[Date "2023.01.10"]
[WhiteClock "0:00:07"]
[BlackClock "0:01:30"]

1. e4 c6 2. d4 d5 3. exd5 cxd5 4. Bd3 Nc6 5. c3 Nf6 6. h3 g6 7. Nf3 Bg7 8. O-O O-O 9. Re1 Re8 10. Bf4 Nd7 11. Nbd2 a6 12. a4 f6 13. c4 Nb4 14. Bf1 e5 15. dxe5 Nxe5 16. Qb3 a5 17. cxd5 Nxd5 18. Bxe5 fxe5 19. Bc4 Be6 20. Nxe5 Nf4 21. Bxe6+ Nxe6 22. Nxg6 Ra6 23. Nf4 Qxd2 24. Nxe6 Kh8 25. Qxb7 Bd4 26. Qxa6 Bxf2+ 27. Kf1 Bh4 28. Qe2 Qh6 29. Qe5+ Kg8 30. Qg7+ Qxg7 31. Nxg7 Rf8+ 32. Ke2 Bxe1 33. Rxe1 Kxg7 34. Rd1 Rb8 35. Rd2 Rb4 36. Rd7+ Kg6 37. Rd2 Rxa4 38. Kf2 Rf4+ 39. Kg1 Rb4 40. Kh2 Rb3 41. Rf2 a4 42. Kg1 h5 43. Kh2 h4 44. Rf4 Kg5 45. Rg4+ Kh5 46. Rxa4 Rxb2 47. Ra5+ Kh6 48. Rc5 Ra2 49. Rf5 Kg6 50. Rf3 Rb2 51. Kg1 Kg5 52. Re3 Ra2 53. Re5+ Kg6 54. Re4 Kg5 55. Rg4+ Kh5 56. Rf4 Kg5 57. Re4 Ra1+ 58. Kf2 Ra2+ 59. Re2 Ra3 60. Re3 Ra1 61. Re5+ Kf4 62. Rh5 Ra2+ 63. Kg1 Kg3 64. Rg5+ Kf4 65. Rg4+ Ke3 66. Rxh4 Ra1+ 67. Kh2 Ra7 68. Rg4 Kf2 69. Rf4+ Ke3 70. Rf8 Ke4 71. h4 Rh7 72. g3 Ke5 73. Kh3 Ke6 74. Rf1 Ke5 75. g4 Ke4 76. h5 Rd7 77. Kh4 Rd2 78. h6 Rh2+ 79. Kg5 Rh3 80. Kg6 Ke3 81. g5 Ke4 82. Rf8 Ke5 83. h7 Rxh7 1-0


[Site "https://www.chess.com"]

[Event "Titled Tuesday Blitz January 10 Late 2023"]
[White "Martinez, Marcel"]
[Black "Novikova, Galina"]
[WhiteFideId "2016249"]
[BlackFideId "4157095"]
[WhiteElo "2402"]
[BlackElo "2073"]
[Result "1-0"]
[Round "09"]
[TimeControl "180+2"]
[Date "2023.01.10"]
[WhiteClock "0:00:15"]
[BlackClock "0:00:53"]

1. e4 e6 2. d4 d5 3. Nc3 Bb4 4. Ne2 Nc6 5. a3 Ba5 6. e5 f6 7. Nf4 Qe7 8. Bd3 Bd7 9. O-O O-O-O 10. exf6 gxf6 11. Be3 Qf7 12. b4 Bb6 13. Be2 Nge7 14. a4 e5 15. dxe5 d4 16. a5 fxe5 17. axb6 axb6 18. Ra8+ Nb8 19. Bxd4 exd4 20. Qxd4 Nc6 21. Qe3 Rde8 22. Qd2 Rhg8 23. Bh5 Qg7 24. Bxe8 Bxe8 25. Re1 Bd7 26. b5 Ne5 27. Qe3 Ng6 28. Nxg6 Qxg6 29. g3 h5 30. h4 Qg4 31. Nd5 Re8 32. Ne7+ Kd8 33. Rxb8+ Bc8 34. Rxc8+ Kd7 35. Rxe8 Kxe8 36. Nf5+ Kd8 37. Qe8# 1-0


[Site "https://www.chess.com"]

[Event "Titled Tuesday Blitz January 10 Late 2023"]
[White "Gerbelli Neto, Eduardo"]
[Black "Suvorov, Luca"]
[WhiteFideId "2103281"]
[BlackFideId "12977071"]
[WhiteElo "2114"]
[BlackElo "2310"]
[Result "0-1"]
[Round "09"]
[TimeControl "180+2"]
[Date "2023.01.10"]
[WhiteClock "0:00:20"]
[BlackClock "0:00:17"]

1. e4 c6 2. d4 d5 3. exd5 cxd5 4. c4 Nf6 5. Nc3 dxc4 6. Bxc4 g6 7. Qb3 e6 8. Nf3 Bg7 9. O-O O-O 10. Bg5 Nc6 11. Qd1 Qc7 12. Rc1 a6 13. d5 exd5 14. Nxd5 Nxd5 15. Bxd5 Bxb2 16. Rc2 Bg7 17. Qc1 Bf5 18. Rc4 Bd3 19. Bh6 Bxc4 20. Bxc4 Ne5 21. Nxe5 Qxe5 22. Be3 Rac8 23. a4 b5 24. axb5 axb5 0-1


[Site "https://www.chess.com"]

[Event "Titled Tuesday Blitz January 10 Late 2023"]
[White "Reprintsev, Alexander"]
[Black "Curtis, John"]
[WhiteFideId "14100541"]
[BlackFideId "3200256"]
[WhiteElo "2253"]
[BlackElo "2292"]
[Result "1-0"]
[Round "09"]
[TimeControl "180+2"]
[Date "2023.01.10"]
[WhiteClock "0:01:18"]
[BlackClock "0:00:03"]

1. e4 c5 2. b3 d6 3. Bb2 Nc6 4. Bb5 e5 5. Bxc6+ bxc6 6. Ne2 Nf6 7. d3 Be7 8. O-O Nd7 9. f4 exf4 10. Bxg7 Rg8 11. Bc3 f3 12. Rxf3 Ne5 13. Bxe5 dxe5 14. Nd2 Bg4 15. Rf2 Bh4 16. g3 Bg5 17. Nc4 f6 18. Qf1 h5 19. Kh1 h4 20. Rg2 h3 21. Rf2 Qe7 22. Ng1 Rh8 23. Nf3 O-O-O 24. Nxg5 fxg5 25. Rf7 Qe6 26. Qf6 Qxf6 27. Rxf6 Rdf8 28. Raf1 Rxf6 29. Rxf6 Bd1 30. Ne3 Be2 31. Rxc6+ Kd7 32. Rxc5 g4 33. Rxe5 Rf8 34. Rf5 Rc8 35. Nc4 Ke6 36. Kg1 Ra8 37. a4 a6 38. Kf2 Bf3 39. Ke3 1-0


[Site "https://www.chess.com"]

[Event "Titled Tuesday Blitz January 10 Late 2023"]
[White "Womacka, Mathias"]
[Black "Pakleza, Zbigniew"]
[WhiteFideId "4611390"]
[BlackFideId "1119290"]
[WhiteElo "2396"]
[BlackElo "2494"]
[Result "0-1"]
[Round "09"]
[TimeControl "180+2"]
[Date "2023.01.10"]
[WhiteClock "0:00:02"]
[BlackClock "0:00:01"]

1. e4 d6 2. d4 Nf6 3. Nc3 c6 4. f4 Qb6 5. Nf3 Bg4 6. Bd3 e6 7. h3 Bxf3 8. Qxf3 Qxd4 9. Be3 Qb4 10. O-O-O Nbd7 11. g4 Nc5 12. g5 Nxd3+ 13. Rxd3 Nd7 14. h4 Qa5 15. h5 O-O-O 16. Rhd1 g6 17. Bd4 Rg8 18. Qh3 h6 19. hxg6 Rxg6 20. f5 exf5 21. exf5 Rxg5 22. Be3 Rxf5 23. Ne4 Rd5 24. Rxd5 cxd5 25. Nc3 Bg7 26. Rxd5 Qa6 27. Bd4 Bxd4 28. Rxd4 Kb8 29. Qxh6 Ne5 30. Qf6 Qa5 31. b4 Qc7 32. Nd5 Qc8 33. Ne7 Qe6 34. Nd5 Rg8 35. Qxe6 fxe6 36. Ne7 Rg1+ 37. Kb2 d5 0-1


[Site "https://www.chess.com"]

[Event "Titled Tuesday Blitz January 10 Late 2023"]
[White "Stavri, Gligor"]
[Black "Melikyan, Gnel"]
[WhiteFideId "4706013"]
[BlackFideId "54109990"]
[WhiteElo "1867"]
[BlackElo "2238"]
[Result "0-1"]
[Round "09"]
[TimeControl "180+2"]
[Date "2023.01.10"]
[WhiteClock "0:00:13"]
[BlackClock "0:00:10"]

1. d4 a6 2. e4 b5 3. a4 b4 4. Nf3 Bb7 5. Bd3 e6 6. O-O a5 7. b3 Nf6 8. Nbd2 c5 9. Bb2 cxd4 10. Nxd4 Bc5 11. e5 Nd5 12. Ne4 Be7 13. Qh5 Nf4 14. Qg4 Ng6 15. f4 Na6 16. f5 exf5 17. Nxf5 O-O 18. Kh1 Nc5 19. Nxc5 Bxc5 20. Qh5 h6 21. e6 Qg5 22. exf7+ Rxf7 23. Qxg5 hxg5 24. Rad1 Nf4 25. Rf3 Bxf3 26. gxf3 Nxd3 27. Rxd3 Rxf5 28. Rxd7 Rf7 29. Rd5 Be7 30. Kg2 Bf6 31. Bc1 Rd8 32. Rxa5 Rc7 33. Be3 Rxc2+ 34. Kg3 Rc3 35. Bb6 Rf8 36. Bc5 Rxb3 37. Bxf8 Kxf8 38. Ra8+ Kf7 39. Ra7+ Kg6 40. a5 Ra3 41. a6 b3 42. Rb7 Rxa6 43. Rxb3 Ra2 44. Rb5 Re2 45. f4 Re3+ 46. Kg4 Re4 47. Rf5 Ra4 48. h4 Rxf4+ 49. Rxf4 gxf4 50. h5+ Kh6 51. Kxf4 Kxh5 52. Kg3 g5 53. Kf3 g4+ 54. Kg2 Kg5 55. Kf2 Be5 56. Kg2 g3 57. Kg1 Kg4 58. Kg2 Bf4 59. Kg1 Kf3 60. Kf1 g2+ 61. Kg1 Be3+ 62. Kh2 g1=Q+ 63. Kh3 Qg3# 0-1


[Site "https://www.chess.com"]

[Event "Titled Tuesday Blitz January 10 Late 2023"]
[White "Tokhirjonova, Gulrukhbegim"]
[Black "Zanette, Edgard Vinicius"]
[WhiteFideId "14203626"]
[BlackFideId "2109263"]
[WhiteElo "2340"]
[BlackElo "2085"]
[Result "0-1"]
[Round "09"]
[TimeControl "180+2"]
[Date "2023.01.10"]
[WhiteClock "0:00:22"]
[BlackClock "0:00:21"]

1. c4 e5 2. Nc3 Nf6 3. e4 Bc5 4. d3 d6 5. Be2 Nc6 6. Nf3 Bg4 7. Be3 Bxf3 8. Bxf3 Nd4 9. Bxd4 Bxd4 10. O-O O-O 11. Ne2 c5 12. Nxd4 cxd4 13. b4 Qd7 14. Qb3 h6 15. h3 g6 16. c5 Rac8 17. Rfc1 Rc7 18. Rab1 Rfc8 19. a4 Kg7 20. Kh2 h5 21. g3 b6 22. Qa3 bxc5 23. bxc5 Rxc5 24. Bd1 Rxc1 25. Rxc1 Rc7 26. Bb3 Rc3 27. Rxc3 dxc3 28. Qc1 Qc6 29. Bc4 Qc5 30. Kg2 Qb4 31. Qc2 Qb2 32. Bb3 Nd7 33. Qxb2 cxb2 34. Bc2 Nc5 35. a5 Nb3 36. Kf3 b1=Q 37. Bxb1 Nd2+ 38. Ke2 Nxb1 39. Kd1 Nc3+ 40. Kc2 Nb5 41. Kb3 Kf6 42. Kc4 Nd4 43. Kd5 Ke7 44. f4 f6 45. fxe5 fxe5 46. g4 hxg4 47. hxg4 g5 48. a6 Kd7 49. Kc4 Kc6 50. Kb4 Ne2 51. Kc4 Nf4 52. d4 exd4 53. Kxd4 Ne6+ 54. Kc4 Nc5 55. Kd4 Nxa6 56. e5 dxe5+ 57. Kxe5 Nc5 58. Kf5 a5 59. Kxg5 a4 60. Kf4 a3 61. g5 Ne6+ 62. Kf5 Nxg5 63. Kxg5 a2 0-1


[Site "https://www.chess.com"]

[Event "Titled Tuesday Blitz January 10 Late 2023"]
[White "Kozin, Yuri"]
[Black "Liu, Kelsey"]
[WhiteFideId "4129920"]
[BlackFideId "30944481"]
[WhiteElo "2251"]
[BlackElo "2065"]
[Result "1-0"]
[Round "09"]
[TimeControl "180+2"]
[Date "2023.01.10"]
[WhiteClock "0:00:46"]
[BlackClock "0:00:09"]

1. e4 c5 2. Nf3 e6 3. d4 cxd4 4. Nxd4 Nc6 5. Nc3 Nf6 6. Ndb5 d6 7. Bf4 e5 8. Bg5 a6 9. Na3 b5 10. Nd5 Be7 11. Bxf6 Bxf6 12. c3 Rb8 13. Nc2 Bg5 14. Be2 O-O 15. O-O f5 16. Bf3 Kh8 17. Qd3 Be6 18. Rfd1 Qd7 19. Ncb4 Nxb4 20. Nxb4 Rbd8 21. Nxa6 fxe4 22. Qxe4 Bf5 23. Qe2 e4 24. Bxe4 Bxe4 25. Qxe4 Qa7 26. Nb4 Qxf2+ 27. Kh1 Qxb2 28. Nd5 Rf2 29. Rdb1 Qd2 30. Rd1 Qb2 31. h4 Bh6 32. Nc7 Rdf8 33. Ne6 R8f7 34. Qa8+ 1-0


[Site "https://www.chess.com"]

[Event "Titled Tuesday Blitz January 10 Late 2023"]
[White "Corredor Castellanos, Camilo"]
[Black "Jovic, Stanoje"]
[WhiteFideId "4425871"]
[BlackFideId "905020"]
[WhiteElo "1957"]
[BlackElo "2075"]
[Result "0-1"]
[Round "09"]
[TimeControl "180+2"]
[Date "2023.01.10"]
[WhiteClock "0:00:41"]
[BlackClock "0:01:01"]

1. d4 Nf6 2. c4 e6 3. Nf3 b6 4. Bg5 Bb7 5. a3 h6 6. Bxf6 Qxf6 7. Nc3 g5 8. e4 g4 9. Ne5 h5 10. h3 d6 11. Nd3 g3 12. e5 gxf2+ 13. Nxf2 dxe5 14. d5 Nd7 15. Be2 O-O-O 16. O-O Qg7 17. Qa4 Kb8 18. b4 f5 19. Rfd1 e4 20. Na2 Ne5 21. dxe6 Bd6 22. c5 Rhg8 23. Bf1 Nf3+ 24. Kh1 Qg3 0-1


[Site "https://www.chess.com"]

[Event "Titled Tuesday Blitz January 10 Late 2023"]
[White "Vaglio Munoz, Jaime"]
[Black "Belenkaya, Dina"]
[WhiteFideId "6500145"]
[BlackFideId "24142654"]
[WhiteElo "2174"]
[BlackElo "2267"]
[Result "0-1"]
[Round "09"]
[TimeControl "180+2"]
[Date "2023.01.10"]
[WhiteClock "0:00:04"]
[BlackClock "0:00:13"]

1. d4 Nf6 2. c4 d6 3. Nc3 g6 4. f3 Bg7 5. e4 Nbd7 6. g4 e5 7. d5 a5 8. h4 h5 9. Bg5 Qe7 10. Nge2 c6 11. Ng3 Nb6 12. gxh5 gxh5 13. Qd2 Bd7 14. a4 cxd5 15. cxd5 Rc8 16. Rh2 Nc4 17. Qc1 Qd8 18. Rc2 Nb6 19. Bb5 Rc5 20. Nf5 Rxb5 21. Nxg7+ Kf8 22. axb5 Kxg7 23. Rg2 Kh7 24. f4 Rg8 25. fxe5 dxe5 26. Rf2 Rg6 27. Qe3 Bg4 28. Rc1 Nbd7 29. d6 Qe8 30. Rd2 Qe6 31. Nd5 Nxd5 32. Rxd5 b6 33. Qg3 f6 34. Be3 Rg7 35. Qf2 Bh3 36. Rc2 Rg2 37. Qxg2 Bxg2 38. Rxg2 f5 39. Rg5 fxe4 40. Rxh5+ Kg6 41. Rg5+ Kf6 42. Rd2 Qh3 43. Rf2+ Ke6 44. Rg6+ Kd5 45. Rd2+ Kc4 46. Rgg2 Qxh4+ 47. Kd1 Qh1+ 48. Kc2 Kxb5 49. b3 Qh6 50. Rh2 Qe6 51. Rh7 Qf5 52. Rxd7 Qxd7 53. Kb2 a4 54. Rc2 axb3 55. Rc7 Qxd6 56. Rc3 Qd5 57. Rxb3+ Kc4 58. Rxb6 Kd3 59. Rb3+ Ke2 60. Bc1 Qd4+ 61. Kc2 Qc4+ 62. Rc3 Qa2+ 63. Bb2 e3 64. Ra3 Qc4+ 65. Bc3 e4 66. Ra1 Qd3+ 67. Kb3 Qb5+ 68. Kc2 Kf3 69. Re1 e2 70. Kc1 Qc4 71. Kb2 e3 72. Kc2 Qe4+ 73. Kb3 Qd3 74. Kb2 Qd1 75. Ka2 Ke4 76. Kb2 Kd3 77. Bb4 Qc2+ 78. Ka3 Qd2 79. Kb3 Qc2+ 80. Ka3 Qc4 81. Ba5 Qc5+ 82. Bb4 Qa7+ 83. Kb3 Qf7+ 84. Kb2 Qf6+ 85. Ka3 Qa6+ 86. Kb3 Qb6 87. Ka3 Qb5 88. Rc1 Qxb4+ 89. Kxb4 Kd2 90. Rb1 e1=Q 91. Rb2+ Kd1+ 92. Kc4 Qd2 93. Rb1+ Kc2 94. Rb2+ Kxb2 95. Kb5 e2 96. Ka4 e1=Q 97. Kb5 Qe5+ 98. Kc6 Qdd6+ 99. Kb7 Qee7+ 100. Kc8 Qdd8# 0-1


[Site "https://www.chess.com"]

[Event "Titled Tuesday Blitz January 10 Late 2023"]
[White "Muhammad, Shahzeb"]
[Black "Szyszylo, Rafal"]
[WhiteFideId "7804806"]
[BlackFideId "1109626"]
[WhiteElo "1853"]
[BlackElo "2091"]
[Result "0-1"]
[Round "09"]
[TimeControl "180+2"]
[Date "2023.01.10"]
[WhiteClock "0:00:10"]
[BlackClock "0:00:17"]

1. d4 g6 2. c4 Bg7 3. Nc3 Nf6 4. Bg5 O-O 5. Qd2 d6 6. h4 h5 7. Nf3 Na6 8. e4 Bg4 9. Bh6 Bxf3 10. gxf3 e5 11. Bxg7 Kxg7 12. O-O-O Qe7 13. Nd5 Nxd5 14. exd5 exd4 15. Qxd4+ Qf6 16. Qxf6+ Kxf6 17. a3 Nc5 18. b4 Nd7 19. Rg1 a5 20. Kb2 axb4 21. axb4 Ra4 22. Kc3 Ra3+ 23. Kd4 Ne5 24. Be2 Nxf3+ 25. Bxf3 Rxf3 26. c5 Rf4+ 27. Kc3 Rxh4 28. Rge1 Ra8 29. Ra1 Rb8 30. Ra7 Rf4 31. Ra2 h4 32. Re3 g5 33. Rae2 b6 34. c6 b5 35. Re7 Rc4+ 36. Kb3 Rd4 37. Rxc7 Rxd5 38. Ree7 Kf5 39. Rxf7+ Kg4 40. Rcd7 Rd3+ 41. Kc2 Rd4 42. c7 Rc8 43. Kb3 Rc4 44. Rxd6 R8xc7 45. Rxc7 Rxc7 46. Rd5 Rf7 47. Rxb5 Rxf2 48. Rb8 h3 49. Rh8 h2 50. b5 Rf3+ 51. Kc4 Rh3 52. Rxh3 Kxh3 53. b6 h1=Q 54. b7 Qxb7 55. Kc5 Qd7 0-1


[Site "https://www.chess.com"]